 Dungeon Crawl Stone Soup version 0.20-a0-553-g9f38e11 (webtiles) character file.

546 kae the Slasher (level 7, -1/56 HPs)
             Began as a Formicid Fighter on Feb 3, 2017.
             Slain by an ogre
             ... wielding a +0 giant spiked club
              (17 damage)
             ... on level 4 of the Dungeon.
             The game lasted 00:03:17 (3799 turns).

kae the Slasher (Formicid Fighter)                  Turns: 3799, Time: 00:03:18

Health: -1/56      AC:  8    Str: 22    XL:     7   Next: 53%
Magic:  7/7        EV:  8    Int:  8    God:
Gold:   273        SH: 10    Dex: 10    Spells: 6/6 levels left

rFire    . . .     SeeInvis +   a - +0 long sword
rCold    . . .     Gourm    .   b - +1 scale mail
rNeg     . . .     Faith    .   c - +0 shield
rPois    .         Spirit   .   (helmet unavailable)
rElec    .         Reflect  .   (no cloak)
rCorr    .         Harm     .   (no gloves)
MR       .....                  (no boots)
Stlth    ..........             (no amulet)
Regen    0.2/turn               (no ring)
                                (no ring)

@: very slightly contaminated, invisible
A: permanent stasis, dig shafts and tunnels, four strong arms, antennae 3
a: Dig, Shaft Self


You were on level 4 of the Dungeon.
You were not hungry.

You visited 1 branch of the dungeon, and saw 4 of its levels.

You collected 273 gold pieces.

Inventory:

Hand Weapons
 a - a +0 long sword (weapon)
Armour
 b - a +1 scale mail (worn)
 c - a +0 shield (worn)
Jewellery
 e - an uncursed ring of resist corrosion {unknown}
Scrolls
 m - a scroll of identify
 n - 2 scrolls of enchant armour
 p - 2 scrolls of remove curse
 q - a scroll of noise {unknown}
 s - a scroll of amnesia
Potions
 d - 3 potions of might
 h - 2 potions of invisibility
 j - 4 potions of curing
 l - 4 potions of flight
Books
 t - a book of Necromancy

   Spells                             Type                      Level
   a - Pain                           Necromancy                   1
   b - Animate Skeleton               Necromancy                   1
   c - Vampiric Draining              Necromancy                   3
   d - Regeneration                   Charms/Necromancy            3
   e - Animate Dead                   Necromancy                   4
   f - Control Undead                 Necromancy                   4
Comestibles
 f - a bread ration
 g - 4 royal jellies
 i - 15 fruits
 k - 2 meat rations
 o - 3 chunks of flesh


   Skills:
 + Level 5.0 Fighting
 * Level 5.2 Long Blades
 + Level 4.8 Armour
 + Level 5.2 Shields


You had 6 spell levels left.
You didn't know any spells.

Dungeon Overview and Level Annotations

Branches:
Dungeon (4/15)
 Temple: D:4-7

Altars:
Zin


Innate Abilities, Weirdness & Mutations

You cannot be hasted, slowed, berserked, paralysed or teleported.
You can dig through walls and to a lower floor.
Your four strong arms can wield two-handed weapons with a shield.
You have a pair of large antennae on your head. (SInv)


Message History

You slash the ogre!
The ogre is moderately wounded.
You block the ogre's attack.
You slash the ogre!
The ogre is severely wounded.
The ogre hits you with a giant club!
* * * LOW HITPOINT WARNING * * *
You hit the ogre but do no damage.
The ogre is severely wounded.
You block the ogre's attack.
You hit the ogre.
The ogre is almost dead.
You block the ogre's attack.
You hit the ogre.
You kill the ogre!
Your Fighting skill increases to level 5!
You hit the ogre.
The ogre is lightly wounded.
The ogre hits you with a giant spiked club!
You die...

.....................#
#.#..#
#.#####.#####.#####..#
#.#.## #.# #.....#.#
#..# #....## #.#
#.###.#.# #.## #.....(
#.# #.# #.#.#######
##...## #.#
#.###.#......# ##....
#.## #.#.....######
##### #[.#
#.#.....###### #..#
#.........@O.# # #..#
###.....####.....♣
#(.# #..........#♣#.#
#..########.#.######
...............#
########.#####.# #.#
#.##### #.# #.....#
#.# #.####.# .#######


You could see an ogre.

Vanquished Creatures
  2 ogres (D:4)
  A scorpion (D:4)
  2 centaur skeletons (D:4)
  A hound (D:4)
  4 worker ants (D:4)
  6 adders
  An ooze (D:4)
  An adder skeleton (D:4)
  2 worms (D:2)
  4 leopard geckos (D:4)
  10 orcs (D:3)
  6 bats
  5 giant cockroaches
  6 goblins
  6 hobgoblins
  5 jackals
  6 kobolds
  4 quokkas
  A ball python (D:2)
  3 frilled lizards
  7 rats
83 creatures vanquished.

Notes
Turn   | Place    | Note
-------+----------+-------------------------------------------
     0 | D:1      | kae the Formicid Fighter began the quest for the Orb.
     0 | D:1      | Reached XP level 1. HP: 18/18 MP: 1/1
   284 | D:1      | Reached XP level 2. HP: 23/24 MP: 2/2
   722 | D:2      | Reached XP level 3. HP: 19/29 MP: 3/3
   837 | D:2      | Found a glowing silver altar of Zin.
  1051 | D:2      | Reached XP level 4. HP: 33/37 MP: 4/4
  1551 | D:2      | You fall through a shaft!
  2119 | D:3      | Reached XP level 5. HP: 38/42 MP: 5/5
  2906 | D:4      | Reached XP level 6. HP: 27/49 MP: 6/6
  3655 | D:4      | Reached skill level 5 in Shields
  3655 | D:4      | Reached XP level 7. HP: 55/55 MP: 7/7
  3745 | D:4      | Reached skill level 5 in Long Blades
  3798 | D:4      | Reached skill level 5 in Fighting
  3799 | D:4      | Slain by an ogre

Vault maps used:
D:1:      dpeg_arrival_lava_temple_mockup, roderic_three_in_a_row,
          hangedman_abyss_or_decor_stabs, minmay_tetromino_s2
D:2:      old_standard_altar
D:4:      amethyst_overflow_temple_binary, first_bread

Skill      XL: |  1  2  3  4  5  6  7 |
---------------+----------------------+-----
Shields        | 4 5 |  5.2
Long Blades    | 3 4 5 |  5.2
Fighting       | 4 5 |  5.0
Armour         | 4 |  4.8

Action                   |  1- 3 |  4- 6 |  7- 9 || total
-------------------------+-------+-------+-------++-------
Melee: Long sword        |   102 |   218 |    16 ||   336
  Use: Scroll            |     1 |     8 |       ||     9
       Potion            |       |       |     2 ||     2
  Eat: Chunk             |     1 |     8 |     1 ||    10
Armor: Scale mail        |    43 |    81 |     1 ||   125
Dodge: Dodged            |    32 |    74 |     4 ||   110
Block: Shield            |    53 |   110 |     5 ||   168
       Rpst.: Long sword |     7 |    30 |     1 ||    38
